 Dungeon Crawl Stone Soup version 0.13-a0-2537-g1f6edf4 (webtiles) character file.

145 Kae the Firebug (level 3, -2/19 HPs)
             Began as a Tengu Fire Elementalist on July 27, 2013.
             Slain by an orc
             ... wielding a -1,+1 orcish hand axe
              (6 damage)
             ... on Level 2 of the Dungeon.
             The game lasted 00:01:44 (1674 turns).

Kae the Firebug (Tengu Fire Elementalist)           Turns: 1674, Time: 00:01:44

HP  -2/19        AC  2     Str  8      XL: 3   Next: 83%
MP   6/7         EV 12     Int 16      God:
Gold 94          SH  0     Dex 14      Spells:  2 memorised,  2 levels left

Res.Fire  : . . .   See Invis. : .   (no weapon)
Res.Cold  : . . .   Warding    : .   a - +0 robe
Life Prot.: . . .   Conserve   : .   (no shield)
Res.Poison: .       Res.Corr.  : .   (helmet restricted)
Res.Elec. : .       Clarity    : .   (no cloak)
Sust.Abil.: . .     Spirit.Shd : .   (no gloves)
Res.Mut.  : .       Stasis     : .   (boots unavailable)
Res.Rott. : .       Flight     : .   (no amulet)
Saprovore : . . .                    (no ring)
                                     (no ring)

@: slowed, very slow, not resistant to hostile enchantments, fairly stealthy
A: beak, talons 3
a: no special abilities


You were on level 2 of the Dungeon.
You were very hungry.

You visited 1 branch of the dungeon, and saw 2 of its levels.

You collected 74 gold pieces.

Inventory:

Armour
 a - a +0 robe (worn)
Comestibles
 c - a bread ration
Scrolls
 d - 2 scrolls of curse weapon {unknown}
 e - 4 scrolls of identify {unknown}
 f - 3 scrolls of enchant armour {unknown}
 h - a scroll of recharging {unknown}
 i - 2 scrolls of fog {unknown}
 k - a scroll of curse jewellery {unknown}
 l - 2 scrolls of fear {unknown}
Potions
 g - a potion of slowing {unknown}
 j - a potion of might {unknown}
 m - a potion of restore abilities {unknown}
 n - a potion of poison {unknown}
 o - a potion of cure mutation {unknown}
 p - a potion of speed {unknown}
Books
 b - a book of Flames

   Spells                             Type                      Level
   *Flame Tongue                      Conjuration/Fire             1
   *Throw Flame                       Conjuration/Fire             2
   Conjure Flame                      Conjuration/Fire             3
   Inner Flame                        Hexes/Fire                   3
   Sticky Flame                       Conjuration/Fire             4
   Fireball                           Conjuration/Fire             5


   Skills:
 - Level 2.1 Dodging
 - Level 2.0 Stealth
 + Level 1.5 Spellcasting
 * Level 3.6 Conjurations
 + Level 3.8 Fire Magic


You had 2 spell levels left.
You knew the following spells:

 Your Spells              Type           Power        Failure   Level  Hunger
a - Flame Tongue          Conj/Fire      ##...        6%          1    ##.....
b - Throw Flame           Conj/Fire      ##....       10%         2    ###....


Dungeon Overview and Level Annotations

Branches:
Dungeon (2/27)

Altars:
Cheibriados
the Shining One


Innate Abilities, Weirdness & Mutations

You have a beak for a mouth.
You have claws for feet.


Message History

Press: ? - help, Shift-Dir - straight line, f - orc
Aim: an orc, wielding an orcish hand axe and wearing an orcish leather armour The flame hits the orc.
The orc is moderately wounded.
The goblin zaps a wand.
You feel as though you will be slow longer.
The goblin shoots a stone.
The stone hits you! The orc closely misses you.
The goblin zaps a wand.
You resist. The hobgoblin misses you.
The goblin shoots a stone.
The stone misses you. The orc barely misses you.
The goblin zaps a wand.
You feel as though you will be slow longer.
The goblin shoots a stone.
The stone hits you!
The hobgoblin hits you but does no damage.
There is an open door here.
You see here a stone.
The hobgoblin hits you with an orcish club.
The hobgoblin hits you with an orcish club.
* * * LOW HITPOINT WARNING * * *
The orc hits you with an orcish hand axe.
You die...

###### # ######....#
... #...##....# ....
#(>..((._.#
#...####..g##g...#
...(.....g..#....#
##.#....go########
####.#.....@#####
.........)...........
#####....######...##
...(................
........(####.....##
g.###.##(####......
...(.............
..###.##.#...####
########.#.....###...


You could see an orc, a hobgoblin and 2 goblins.

Vanquished Creatures
  A worm (D:2)
  3 giant geckos (D:1)
  3 bats (D:1)
  5 giant cockroaches
  5 hobgoblins
  A giant newt (D:2)
  10 goblins
  3 jackals (D:1)
  6 kobolds
  5 rats
42 creatures vanquished.

Notes
Turn   | Place    | Note
--------------------------------------------------------------
     0 | D:1      | Kae, the Tengu Fire Elementalist, began the quest for the Orb.
     0 | D:1      | Reached XP level 1. HP: 10/10 MP: 3/3
   285 | D:1      | Reached XP level 2. HP: 15/15 MP: 1/5
   291 | D:1      | Learned a level 2 spell: Throw Flame
   787 | D:1      | Reached XP level 3. HP: 13/19 MP: 7/7
  1602 | D:2      | Found a glowing golden altar of the Shining One.
  1664 | D:2      | Found a snail-covered altar of Cheibriados.
  1674 | D:2      | Slain by an orc

Action                   || total
-------------------------++-------
Melee: Unarmed           ||    28
 Cast: Flame Tongue      ||    63
